 Dungeon Crawl Stone Soup version 0.27-a0-412-g8dd771e (webtiles) character file.

Game seed: 6201676502231897079

261 MrTaco21 the Cudgeller (level 6, 0/37 HPs)
             Began as a Gargoyle Fighter on Feb 23, 2021.
             Slain by an orc wizard
             ... wielding a +0 dagger
              (2 damage)
             ... on level 3 of the Dungeon.
             The game lasted 00:02:50 (2335 turns).

MrTaco21 the Cudgeller (Gargoyle Fighter)           Turns: 2335, Time: 00:02:50

Health: 0/37       AC: 13    Str: 21    XL:     6   Next: 18%
Magic:  6/6        EV:  7    Int:  9    God:
Gold:   65         SH:  9    Dex:  9    Spells: 5/5 levels left

rFire    . . .     SeeInvis .   a - +0 flail
rCold    . . .     Faith    .   c - +0 kite shield
rNeg     + . .     Spirit   .   b - +0 scale mail
rPois    ∞         Reflect  .   m - +1 hat
rElec    +         Harm     .   o - +0 cloak
rCorr    +         Rampage  .   (no gloves)
Will     .....                  (no boots)
Stlth    ..........             (no amulet)
HPRegen  0.12/turn              k - ring of resist corrosion
MPRegen  0.10/turn              (no ring)

@: no status effects
A: negative energy resistance 1, electricity resistance, unbreathing,
petrification resistance, miasma immunity, AC +4
a: no special abilities


You were on level 3 of the Dungeon.
You visited 1 branch of the dungeon, and saw 3 of its levels.

You collected 65 gold pieces.

Inventory:

Hand Weapons
 a - a +0 flail (weapon)
Missiles
 h - 18 poisoned darts (quivered)
Armour
 b - a +0 scale mail (worn)
 c - a +0 kite shield (worn)
 m - a +1 hat (worn)
   (You found it on level 1 of the Dungeon)
 o - a +0 cloak (worn)
   (You took it off Crazy Yiuf on level 2 of the Dungeon)
Jewellery
 k - a ring of resist corrosion (left hand)
   (You found it on level 1 of the Dungeon)
Scrolls
 f - 4 scrolls of teleportation {unknown}
 j - a scroll of fear {unknown}
 n - a scroll of immolation {unknown}
Potions
 d - 2 potions of might
 e - 2 potions of haste {unknown}
 g - 4 potions of heal wounds {unknown}
 i - a potion of mutation {unknown}
 l - a potion of degeneration {unknown}


   Skills:
 - Level 3.2 Fighting
 + Level 6.3 Maces & Flails
 - Level 3.2 Armour
 - Level 3.2 Shields


You had 5 spell levels left.
You didn't know any spells.
Your spell library was empty.

Dungeon Overview and Level Annotations

Branches:
Dungeon (3/15)

Altars:


Innate Abilities, Weirdness & Mutations

You are resistant to torment.
Your stone body is resilient. (AC +4)
You are immune to poison.
You resist negative energy. (rN+)
You are resistant to electric shocks. (rElec)
You can survive without breathing.
You are immune to petrification.
You are immune to miasma.


Message History

* * * LOW HITPOINT WARNING * * *
Something hits you but does no damage.
You closely miss something. Something hits you but does no damage.
You hit something but do no damage. Something hits you but does no damage.
You miss something. Something hits you but does no damage.
You hear some strange, mumbled words.
A magic dart appears from out of thin air!
The magic dart hits you but does no damage.
Unknown command.
You miss something. You block something's attack.
You closely miss something. Something hits you but does no damage.
You barely miss something. Something hits you.
* * * LOW HITPOINT WARNING * * *
Something hits you but does no damage.
You hit something. Something hits you.
* * * LOW HITPOINT WARNING * * *
Unknown command.
You barely miss something.
You hear some strange, mumbled words.
Something tries to affect you, but you resist.
Unknown command.
You completely miss something.
You hear some strange, mumbled words.
Something tries to affect you, but you resist.
You miss something.
An orc wizard appears from thin air!
Reactivating autopickup.
You block the orc wizard's attack.
The orc wizard hits you with a +0 dagger.
* * * LOW HITPOINT WARNING * * *
You barely miss the orc wizard. The orc wizard barely misses you.
You closely miss the orc wizard.
The orc wizard hits you but does no damage.
Unknown command.
You barely miss the orc wizard.
The orc wizard hits you but does no damage.
The orc wizard gestures at you while chanting.
The magic dart hits you!
* * * LOW HITPOINT WARNING * * *
Unknown command.
You thump the orc wizard!
The orc wizard hits you but does no damage.
You barely miss the orc wizard.
The orc wizard hits you with a +0 dagger.
You die...

# #...........# .
#.#########.# ###.###
#.# ######.########
#.....# #.#
#..............
#^#.#.###.#
#.#............
......##.#
#.#.##.########
#.#.#..##.# #.#.##.#
#...)..##.####.#.##.#
...##.##..†...o@<#.##.#
.. ####...).......# ..#
#####.†..#### .. #.<#.#
. #.###.# ..## #.# #.#
## .. ##


You could see an orc wizard.

Vanquished Creatures
  Crazy Yiuf (D:2)
  Jessica (D:2)
  Natasha (thrice) (D:2)
  4 gnolls
  2 adders (D:2)
  An ooze (D:2)
  3 worms (D:2)
  A dart slug (D:1)
  A leopard gecko (D:1)
  2 orcs (D:3)
  7 bats
  5 goblins
  9 hobgoblins
  8 jackals
  6 kobolds
  2 ball pythons (D:1)
  A frilled lizard (D:3)
  7 rats
64 creatures vanquished.

Vanquished Creatures (others)
  A plant (D:2)
1 creature vanquished.

Grand Total: 65 creatures vanquished

Notes
Turn   | Place    | Note
-------+----------+-------------------------------------------
     0 | D:1      | MrTaco21 the Gargoyle Fighter began the quest for the Orb.
     0 | D:1      | Reached XP level 1. HP: 14/14 MP: 1/1
    57 | D:1      | Reached XP level 2. HP: 19/19 MP: 2/2
   205 | D:1      | Reached skill level 3 in Maces & Flails
   246 | D:1      | Reached XP level 3. HP: 16/23 MP: 3/3
   763 | D:2      | Reached skill level 4 in Maces & Flails
   832 | D:1      | Reached XP level 4. HP: 7/28 MP: 4/4
  1144 | D:2      | Found a runed translucent door.
  1145 | D:2      | Noticed Crazy Yiuf
  1369 | D:2      | Noticed Jessica
  1373 | D:2      | Killed Jessica
  1374 | D:2      | Reached skill level 5 in Maces & Flails
  1374 | D:2      | Reached XP level 5. HP: 32/32 MP: 5/5
  1672 | D:2      | Noticed Natasha
  1679 | D:2      | Killed Natasha
  1735 | D:2      | Noticed Natasha
  1757 | D:2      | Killed Natasha
  1781 | D:2      | Noticed Natasha
  1797 | D:2      | Killed Natasha
  1798 | D:2      | Reached skill level 6 in Maces & Flails
  1798 | D:2      | Reached XP level 6. HP: 26/37 MP: 6/6
  2162 | D:2      | Killed Crazy Yiuf
  2335 | D:3      | Slain by an orc wizard

Illustrated notes

Levels and vault maps discovered:
D:1:      dpeg_arrival_brainrot, layout_rooms, nrook_uturn
D:2:      layout_loops_ring, st_stairs_3, serial_bayou_pond_e,
          amethyst_killhole, uniq_jessica, uniq_crazy_yiuf_cottage, uniq_natasha
D:3:      layout_loops_ring

Skill      XL: |  1  2  3  4  5 |
---------------+----------------+-----
Maces & Flails | 3 4 5 6 |  6.3
Fighting       | |  3.2
Armour         | |  3.2
Shields        | |  3.2

Action                   |  1- 3 |  4- 6 || total
-------------------------+-------+-------++-------
Melee: Flail             |   104 |   149 ||   253
Armor: Scale mail        |    57 |    82 ||   139
Dodge: Dodged            |    37 |    32 ||    69
Block: Kite shield       |    78 |    59 ||   137

Table legend: (Time is in decaauts)
 A = Elapsed time spent in this place.
 B = Non-inter-level travel time spent in this place.
 C = Inter-level travel time spent in this place.
 D = Time resting spent in this place.
 E = Time spent auto-exploring this place.
 F = Levels seen in this place.
 G = Mean time per level.
                   A        B        C        D        E       F      G
               +--------+--------+--------+--------+--------+-----+--------+
         Total |   2451 |   2377 |     74 |    368 |   1462 |   3 |  817.0 |
       Dungeon |   2451 |   2377 |     74 |    368 |   1462 |   3 |  817.0 |
               +--------+--------+--------+--------+--------+-----+--------+

Top non-repeatable levels by time:
     D:2: 1323 daAuts
     D:1: 1013 daAuts
     D:3: 114 daAuts
